Map: Oxide LE

Players

Scarlett - Winner!

  • Race: Zerg Zerg

Astrea

  • Race: Protoss Protoss

Event: DreamHack SC2 Masters 2021 Winter

VOD

Have the link to the VOD?

Description

Time

  • Played on: Oct. 16, 2021, 5:27 p.m.
  • Length: 15:19

All games in this series

Show
View Real Time Build Order
Export as new Build Order

Scarlett Zerg - Winner!

Build Orders: Hatch First 

Get SALT Encoding   

  12  0:00  Drone  
  13  0:12  Overlord  
  13  0:16  Drone  
  14  0:30  Drone x2  
  16  0:43  Drone  
  17  0:52  Hatchery  
  17  0:54  Drone  
  17  0:57  Drone  
  18  1:08  Extractor  
  17  1:12  Spawning Pool  
  17  1:16  Drone  
  17  1:20  Drone  
  18  1:27  Drone  
  19  1:38  Drone  
  20  1:49  Drone  
  21  2:00  Overlord  
  21  2:04  Drone, Queen x2  
  26  2:12  Metabolic Boost  
  26  2:14  Zergling x2  
  27  2:18  Drone  
  28  2:26  Drone  
  28  2:27  Drone  
  30  2:36  Hatchery  
  29  2:41  Queen  
  31  2:44  Zergling x2  
  31  2:48  Overlord  
  32  2:53  Drone x2  
  34  3:00  Zergling x2  
  35  3:06  Drone, Overlord  
  35  3:11  Drone x5  
  40  3:21  Drone x4  
  43  3:38  Roach Warren, Extractor  
  40  3:41  Drone  
  40  3:42  Drone  
  40  3:43  Overlord  
  40  3:47  Queen  
  44  3:49  Drone x2  
  44  3:52  Drone  
  44  3:54  Drone x2  
  50  3:55  Overlord  
  50  3:57  Overlord  
  50  4:03  Drone, Spore Crawler  
  50  4:04  Drone, Spore Crawler  
  50  4:07  Spore Crawler  
  50  4:08  Zergling x2  
  50  4:09  Zergling x2  
  51  4:11  Zergling x4  
  53  4:18  Zergling x4  
  53  4:22  Queen  
  53  4:23  Zergling x6  
  60  4:32  Roach x2  
  60  4:33  Roach x2  
  60  4:36  Overlord  
  68  4:40  Roach  
  68  4:44  Zergling x2  
  68  4:45  Zergling x4  
  73  4:48  Overlord  
  73  4:54  Overlord  
  73  4:55  Overlord  
  73  4:57  Ravager, Zergling x2  
  73  4:58  Zergling x10  
  80  5:04  Zergling x2  
  81  5:15  Zergling x2  
  81  5:16  Zergling x10  
  87  5:25  Zergling x14  
  94  5:34  Drone x5  
  99  5:38  Extractor  
  96  5:49  Drone x5  
  98  5:51  Lair  
  98  5:53  Drone  
  98  5:56  Drone  
  98  5:57  Extractor  
  94  5:58  Drone x3  
  94  6:02  Drone x4  
  101  6:05  Drone  
  101  6:09  Extractor  
  101  6:10  Overlord  
  101  6:13  Overlord  
  101  6:16  Drone  
  102  6:22  Overlord  
  102  6:28  Overlord x2  
  102  6:29  Drone  
  102  6:30  Drone x5  
  107  6:40  Evolution Chamber  
  107  6:41  Overlord  
  107  6:44  Drone x5, Hatchery  
  107  6:45  Extractor  
  107  6:46  Extractor  
  108  6:51  Overlord  
  108  6:52  Drone  
  108  6:53  Glial Reconstitution  
  109  6:56  Baneling Nest  
  109  6:58  Roach x7  
  109  7:00  Ravager x2, Zergling x2  
  123  7:08  Zerg Missile Weapons Level 1  
  123  7:18  Drone x3  
  127  7:22  Hatchery  
  127  7:28  Drone x2, Overlord x3  
  127  7:29  Overlord x3  
  128  7:31  Roach x4  
  137  7:38  Hatchery  
  137  7:41  Centrifugal Hooks  
  136  7:50  Roach x2  
  140  7:55  Roach x4  
  148  8:00  Ravager x3  
  148  8:02  Zergling x4  
  153  8:07  Overseer  
  153  8:12  Zergling x10  
  157  8:16  Zergling x2  
  157  8:17  Zergling x6  
  160  8:29  Roach x5  
  160  8:32  Ravager x2, Zergling x6  
  160  8:33  Baneling  
  160  8:34  Baneling x13  
  175  8:35  Baneling x3  
  175  8:39  Zergling x4  
  177  8:50  Roach x6  
  177  8:51  Baneling x5  
  177  8:55  Zergling x10  
  192  9:05  Zergling x8  
  192  9:06  Baneling x10  
  189  9:17  Zerg Melee Weapons Level 1  
  186  9:27  Zergling x26  
  192  9:33  Ravager x4, Zergling x8  
  192  9:36  Baneling x3  
  200  9:40  Extractor x2  
  197  9:51  Zergling x16  
  197  9:52  Zergling x4  
  198  9:57  Roach x5  
  171  10:09  Roach x5  
  161  10:19  Roach x6  
  161  10:20  Roach x7  
  164  10:25  Roach  
  164  10:26  Roach  
  164  10:28  Roach x3  
  143  10:32  Zergling x4  
  143  10:35  Baneling x10  
  145  10:37  Drone  
  145  10:39  Zergling x8  
  145  10:42  Zergling x8  
  154  10:44  Baneling x6  
  154  10:45  Zergling x2  
  154  10:47  Overseer  
  154  10:49  Zergling x8  
  159  10:52  Zergling x2  
  159  10:54  Ravager  
  159  10:55  Zergling x10  
  166  10:59  Zergling x2  
  166  11:04  Baneling x2  
  164  11:07  Roach x6  
  156  11:23  Zergling x22  
  153  11:29  Roach x4  
  146  11:37  Roach x5  
  151  11:41  Roach x4  
  135  11:49  Roach x6  
  138  11:57  Roach x6  
  137  12:04  Roach x4  
  136  12:15  Zerg Missile Weapons Level 2  
  126  12:16  Zergling x8  
  126  12:17  Hatchery  
  126  12:19  Ravager x5  
  134  12:25  Zergling x10  
  134  12:27  Ravager x2  
  141  12:38  Roach x7  
  145  13:05  Roach  
  145  13:06  Zergling x40, Roach  
  145  13:12  Roach  
  167  13:14  Ravager x7  
  167  13:17  Overseer  
  174  13:21  Zergling x16  
  174  13:26  Baneling  
  174  13:27  Baneling x5  
  182  13:32  Baneling x10  
  182  13:35  Baneling  
  182  13:36  Baneling x3  
  182  13:37  Zergling x2  
  182  13:38  Zergling x6  
  186  13:43  Zergling x10  
  191  13:55  Baneling x17  
  191  13:56  Zergling x4  
  187  14:05  Zergling x16  
  187  14:07  Baneling x4  
  192  14:13  Zergling x10  
  197  14:18  Baneling  
  197  14:19  Baneling x8  
  194  14:25  Zergling x10  
  163  14:39  Zergling x2  
  163  14:40  Zergling x24  
  163  14:43  Roach x2  
  164  14:48  Roach x2  
  153  14:56  Zergling x12  
  153  14:59  Overseer  
Show
View Real Time Build Order
Export as new Build Order

Astrea Protoss 

Build Orders: 1 Gate Expand, Mass Adepts 

Get SALT Encoding   

  12  0:00  Probe  
  13  0:12  Probe  
  14  0:19  Pylon  
  14  0:24  Probe  
  15  0:37  Probe (Chrono Boost)  
  15  0:40  Gateway  
  16  0:46  Probe (Chrono Boost)  
  17  0:50  Assimilator  
  17  0:51  Probe (Chrono Boost)  
  18  1:03  Probe  
  19  1:15  Probe  
  20  1:27  Nexus  
  20  1:37  Cybernetics Core  
  20  1:41  Probe  
  20  1:46  Assimilator  
  21  1:53  Probe  
  22  1:55  Pylon  
  22  2:05  Probe (Chrono Boost)  
  23  2:11  Adept (Chrono Boost)  
  23  2:13  Warp Gate  
  25  2:17  Probe (Chrono Boost)  
  26  2:25  Probe (Chrono Boost)  
  26  2:26  Twilight Council  
  27  2:31  Probe  
  27  2:34  Stalker (Chrono Boost)  
  30  2:40  Probe  
  30  2:43  Probe  
  32  2:52  Probe  
  32  2:53  Robotics Facility  
  32  2:56  Probe  
  34  3:04  Probe  
  37  3:12  Gateway  
  35  3:15  Probe  
  35  3:16  Gateway  
  36  3:22  Resonating Glaives (Chrono Boost), Probe  
  36  3:23  Adept  
  39  3:28  Probe  
  40  3:39  Warp Prism (Chrono Boost)  
  40  3:41  Probe  
  40  3:46  Gateway  
  41  3:49  Probe, Pylon  
  41  3:53  Probe  
  43  4:01  Probe  
  44  4:04  Adept  
  44  4:07  Probe  
  47  4:10  Adept x2  
  47  4:14  Observer (Chrono Boost)  
  47  4:16  Pylon  
  52  4:18  Pylon  
  52  4:19  Probe  
  52  4:20  Probe  
  54  4:34  Adept x3  
  54  4:37  Pylon  
  60  4:54  Nexus  
  60  4:55  Adept x3  
  60  4:56  Adept  
  68  5:02  Probe x2  
  70  5:13  Immortal (Chrono Boost)  
  74  5:14  Probe x2  
  74  5:18  Pylon  
  76  5:23  Assimilator  
  76  5:24  Assimilator  
  76  5:27  Probe  
  76  5:28  Probe  
  78  5:29  Robotics Bay  
  78  5:40  Probe x2  
  80  5:47  Adept x2  
  84  5:50  Immortal (Chrono Boost)  
  84  5:53  Probe x2  
  86  5:58  Pylon  
  86  6:05  Blink, Forge  
  86  6:07  Probe (Chrono Boost)  
  86  6:09  Probe x2 (Chrono Boost), Shield Battery  
  89  6:17  Disruptor (Chrono Boost)  
  92  6:19  Probe (Chrono Boost)  
  92  6:20  Probe (Chrono Boost)  
  92  6:22  Probe (Chrono Boost)  
  92  6:24  Probe (Chrono Boost)  
  92  6:25  Probe (Chrono Boost)  
  95  6:30  Probe  
  95  6:31  Assimilator  
  98  6:33  Assimilator  
  98  6:35  Probe, Protoss Ground Weapons Level 1  
  98  6:36  Probe  
  100  6:42  Probe  
  100  6:44  Disruptor (Chrono Boost)  
  104  6:47  Probe  
  104  6:48  Probe  
  104  6:49  Pylon  
  104  6:51  Pylon  
  106  6:55  Sentry  
  106  6:59  Sentry  
  106  7:03  Gateway  
  106  7:05  Gateway  
  106  7:07  Gateway  
  106  7:09  Gateway  
  106  7:16  Colossus (Chrono Boost)  
  106  7:22  Extended Thermal Lance  
  112  7:23  Stalker  
  112  7:28  Pylon x2  
  114  7:33  Photon Cannon  
  114  7:41  Stalker x3  
  120  7:44  Pylon  
  120  7:45  Pylon  
  120  7:52  Pylon  
  120  7:56  Colossus (Chrono Boost)  
  120  7:57  Stalker x2  
  130  8:07  Pylon  
  130  8:09  Stalker x4  
  138  8:14  Pylon  
  138  8:23  Photon Cannon  
  138  8:33  Stalker x6  
  150  8:50  Stalker x2  
  150  8:51  Protoss Ground Weapons Level 2 (Chrono Boost)  
  150  8:53  Nexus  
  154  8:56  Colossus  
  157  9:19  Stalker x7  
  171  9:29  Pylon  
  147  9:34  Stalker  
  149  9:50  Stalker x7, Disruptor  
  140  10:12  Stalker  
  119  10:14  Adept x7  
  107  10:22  Disruptor (Chrono Boost)  
  107  10:23  Probe x2  
  107  10:25  Photon Cannon  
  102  10:36  Nexus  
  102  10:38  Sentry x4  
  102  10:41  Stalker  
  112  10:44  Stalker  
  114  10:52  Disruptor (Chrono Boost)  
  117  11:03  Stalker x3  
  114  11:30  Stalker x8  
  107  11:44  Probe  
  98  11:50  Disruptor (Chrono Boost)  
  87  11:56  Stalker x4  
  87  12:01  Stalker  
  89  12:12  Stalker x2  
  94  12:20  Stalker x2  
  96  12:24  Disruptor (Chrono Boost)  
  99  12:32  Probe  
  99  12:34  Shield Battery  
  103  12:40  Stalker x2  
  104  12:47  Stalker x2, Disruptor (Chrono Boost)  
  104  12:48  Stalker  
  113  12:56  Probe x2  
  114  13:05  Probe  
  115  13:09  Stalker  
  115  13:10  Stalker x3  
  123  13:14  Shield Battery  
  123  13:17  Observer (Chrono Boost)  
  124  13:20  Stalker x3  
  130  13:27  Photon Cannon  
  130  13:29  Disruptor  
  130  13:33  Probe x3  
  136  13:46  Photon Cannon  
  132  13:57  Zealot x2  
  132  13:58  Adept x3, Zealot x3  
  137  14:07  Probe (Chrono Boost)  
  137  14:08  Probe x3 (Chrono Boost)  
  124  14:18  Probe x4 (Chrono Boost)  
  124  14:22  Probe (Chrono Boost)  
  124  14:25  Probe  
  124  14:29  Disruptor  
  112  14:43  Stalker x2  
  64  14:54  Adept, Zealot  

Tags
 
Add a new tag
Caveats
  • Supply blocks, unpowered buildings, or Contaminate may cause inaccurate times.
  • Supply counts are checked every 10 seconds.